 Dungeon Crawl Stone Soup version 0.20-a0-945-g3bf614a (webtiles) character file.

327096 JeffiDaFish the Peltast (level 21, -11/137 HPs)
             Began as a Gargoyle Fighter on Apr 1, 2017.
             Was the Champion of Okawaru.
             Killed from afar by a frost giant (15 damage)
             ... with a bolt of cold
             ... on level 5 of the Vaults on Apr 2, 2017.
             The game lasted 02:13:51 (49849 turns).

JeffiDaFish the Peltast (Gargoyle Fighter)         Turns: 49849, Time: 02:13:51

Health: -11/137    AC: 59    Str: 29    XL:     21   Next: 66%
Magic:  34/34      EV: 13    Int: 10    God:    Okawaru [******]
Gold:   2338       SH: 21    Dex: 16    Spells: 30/38 levels left

rFire    + + .     SeeInvis +   E - +4 demon whip (elec)
rCold    + + .     Gourm    +   b - +5 shield {rF+}
rNeg     + . .     Faith    .   G - +8 crystal plate armour "Myzin" {+Blink rCorr Str+4}
rPois    ∞         Spirit   .   y - +0 helmet {SInv}
rElec    +         Reflect  .   K - scarf {rC+ rF+}
rCorr    +         Harm     .   x - +2 pair of gloves
MR       .....                  B - +2 pair of boots {Stlth+}
Stlth    ..........             H - amulet of Eczydwif {Gourm rElec rPois MR-}
Regen    0.4/turn               c - +3 ring of strength
MPRegen  0.3/turn               z - +3 ring of evasion

@: flying
A: big wings, icy blue scales 1, cold resistance 1, negative energy resistance
1, electricity resistance, unbreathing, petrification resistance, rot immunity,
AC +15
}: 2/15 runes: decaying, serpentine
a: Stop Flying, Heroism, Finesse, Renounce Religion, Evoke Blink


You were on level 5 of the Vaults.
You worshipped Okawaru.
Okawaru was exalted by your worship.
You were very full.

You visited 7 branches of the dungeon, and saw 37 of its levels.
You visited the Abyss 1 time.
You also visited: Labyrinth.

You collected 4014 gold pieces.
You spent 1676 gold pieces at shops.

Inventory:

Hand Weapons
 E - a +4 demon whip of electrocution (weapon)
 Q - the +9 mace of Classification {venom, *Rage rF+ Str+3}
   (You found it on level 4 of the Vaults)

   It poisons the flesh of those it strikes.
   It affects your strength (+3).
   It protects you from fire.
   It may make you go berserk in combat.
Armour
 b - a +5 shield of fire resistance (worn)
 x - a +2 pair of gloves (worn)
 y - a +0 helmet of see invisible (worn)
 B - a +2 pair of boots of stealth (worn)
 G - the +8 crystal plate armour "Myzin" (worn) {+Blink rCorr Str+4}
   (Okawaru gifted it to you on level 1 of the Swamp)

   It affects your strength (+4).
   It lets you blink.
   It protects you from acid and corrosion.
 K - a scarf of resistance (worn)
Jewellery
 c - a +3 ring of strength (left hand)
 z - a +3 ring of evasion (right hand)
 H - the amulet of Eczydwif (around neck) {Gourm rElec rPois MR-}
   (You found it in a labyrinth)

   [amulet of the gourmand]

   It allows you to eat raw meat even when not hungry.
   It insulates you from electricity.
   It protects you from poison.
   It affects your resistance to hostile enchantments.
Scrolls
 d - 8 scrolls of recharging
 e - 23 scrolls of remove curse
 i - 8 scrolls of identify
 k - a scroll of teleportation
 o - 4 scrolls of fog
 q - 4 scrolls of blinking
 t - 4 scrolls of silence
 u - 5 scrolls of amnesia
 C - 3 scrolls of fear
 D - a scroll of summoning
 M - a scroll of holy word
 P - 4 scrolls of magic mapping
Potions
 n - 3 potions of magic
 r - 10 potions of curing
 s - a potion of agility
 v - 3 potions of resistance
 A - 3 potions of ambrosia
 I - a potion of berserk rage
 J - a potion of brilliance
Books
 a - the Collected Works on Flying Dark Magic
   (You bought it in a shop on level 3 of the Vaults)

   Spells                             Type                      Level
   a - Pain                           Necromancy                   1
   b - Corpse Rot                     Necromancy                   2
   c - Excruciating Wounds            Charms/Necromancy            5
   d - Lightning Bolt                 Conjuration/Air              5
   e - Freezing Cloud                 Conjuration/Ice/Air          6
 j - a book of Clouds

   Spells                             Type                      Level
   a - Poisonous Vapours              Poison/Air                   2
   b - Mephitic Cloud                 Conjuration/Poison/Air       3
   c - Conjure Flame                  Conjuration/Fire             3
   d - Freezing Cloud                 Conjuration/Ice/Air          6
   e - Ring of Flames                 Charms/Fire                  7
 l - a book of Power

   Spells                             Type                      Level
   a - Iskenderun's Battlesphere      Conjuration/Charms           5
   b - Venom Bolt                     Conjuration/Poison           5
   c - Bolt of Magma                  Conjuration/Fire/Earth       5
   d - Iron Shot                      Conjuration/Earth            6
   e - Orb of Destruction             Conjuration                  7
   f - Spellforged Servitor           Conjuration/Summoning        7
 F - a book of the Earth

   Spells                             Type                      Level
   a - Leda's Liquefaction            Hexes/Earth                  4
   b - Bolt of Magma                  Conjuration/Fire/Earth       5
   c - Statue Form                    Transmutation/Earth          6
   d - Iron Shot                      Conjuration/Earth            6
   e - Shatter                        Earth                        9
Comestibles
 f - 16 bread rations
 g - 24 fruits
 h - 25 meat rations
 m - 20 royal jellies
 p - 8 chunks of flesh


   Skills:
 * Level 16.5 Fighting
 * Level 17.2 Maces & Flails
 * Level 17.1 Armour
 + Level 6.8 Dodging
 - Level 1.4 Stealth
 * Level 17.9 Shields
 + Level 9.2 Spellcasting
 + Level 10.5 Conjurations
 + Level 8.0 Air Magic
 + Level 9.9 Poison Magic


You had 30 spell levels left.
You knew the following spells:

 Your Spells              Type           Power        Failure   Level  Hunger
a - Mephitic Cloud        Conj/Pois/Air  ###.....     14%         3    ##.....
b - Lightning Bolt        Conj/Air       ###.......   95%         5    ######.


Dungeon Overview and Level Annotations

Branches:
Dungeon (15/15)            Temple (1/1) D:6            Lair (6/6) D:11
  Swamp (4/4) Lair:2        Snake (4/4) Lair:3        Slime (0/5) Lair:5
    Orc (2/2) D:12            Elf (0/3) Orc:2        Vaults (5/5) D:14
  Crypt (0/3) Vaults:3     Depths (0/5) D:15

Altars:
Ashenzari
Cheibriados
Dithmenos
Fedhas
Gozag
Hepliaklqana
Kikubaaqudgha
Makhleb
Nemelex Xobeh
Okawaru
Qazlal
Ru
Sif Muna
Trog
Uskayaw
Vehumet
Wu Jian
Xom
Yredelemnul
Zin
The Shining One
Beogh

Shops:
Orc:1 ?   Orc:2 %%[%   Snake:1 %   Snake:2 :   Vaults:3 !:}!

Portals:
Trove: D:15 (give +2 gold dragon scales)

Annotations:
Lair:2 exclusion: oklob plant


Innate Abilities, Weirdness & Mutations

You are resistant to torment.
Your stone body is resilient. (AC +15)
You are immune to poison.
Your large and strong wings let you fly indefinitely.
You resist negative energy. (rN+)
You are resistant to electric shocks. (rElec)
You can survive without breathing.
You are immune to petrification.
You are immune to rotting.
You are partially covered in icy blue scales. (AC +2)
Your flesh is cold resistant. (rC+)


Message History

* * * LOW HITPOINT WARNING * * *
You feel much better.
Your magical contamination has completely faded away.
Your crystal plate armour "Myzin" prevents you from hitting the titan.
You whack the titan!
The titan is lightly wounded.
You block the titan's attack.
You barely miss the titan.
The titan is lightly wounded.
You whack the titan!
The titan is lightly wounded.
The ironbrand convoker casts a spell at the stone giant.
The stone giant seems to grow stronger.
The stone giant throws a large rock.
The large rock hits you!!
* * * LOW HITPOINT WARNING * * *
The frost giant gestures at you while chanting.
The bolt of cold hits you! You resist.
* * * LOW HITPOINT WARNING * * *
The bolt of cold hits you! You resist.
You die...

...#
...#
#..#
#..#
#..#
#..#
#..#
#.C#
#@C#
#..#
#..#
#..#
#C.#
#.p#
#Q.#
#..#


You could see a titan, a frost giant, a stone giant, a tengu reaver and an
ironbrand convoker.

Vanquished Creatures
  Margery (Vaults:2)
  the Lernaean hydra (Swamp:4)
  Jorgrun (Snake:2)
  2 tentacled monstrosities (Vaults:5)
  A lich (Vaults:2)
  A quicksilver dragon (Vaults:4)
  A sphinx (Vaults:4)
  A titan (Vaults:4)
  A tentacled starspawn (Abyss:2)
  3 thorn hunters
  10 nagarajas (Snake:4)
  A shadow dragon (Vaults:4)
  A tengu reaver (Vaults:2)
  13 vault wardens
  2 deep elf sorcerers (Vaults:2)
  4 frost giants
  The ghost of Handsy the Severer, a journeyman MiBe of Trog (Lair:6)
  10 ironheart preservers
  A ghoul (Vaults:1)
  6 very ugly things
  A war gargoyle (Vaults:5)
  6 stone giants
  An entropy weaver (Vaults:4)
  A deep elf demonologist (Vaults:1)
  Azrael (Orc:2)
  3 deep elf annihilators
  An ettin (Vaults:2)
  Snorg (Lair:4)
  A minotaur (Lab)
  A crystal guardian (Vaults:4)
  2 yaktaur captains (Vaults:3)
  A great orb of eyes (Vaults:2)
  3 ice dragons
  Erolcha (Orc:1)
  29 vault guards
  6 naga warriors
  A rakshasa (Vaults:1)
  12 anacondas
  18 hydras
  Erica (Orc:1)
  4 ogre magi
  4 death knights
  2 ghost crabs
  5 centaur warriors
  14 two-headed ogres
  A two-headed ogre (shapeshifter) (Vaults:4)
  3 alligators
  A deep troll shaman (Vaults:2)
  2 tengu warriors (D:15)
  3 thrashing horrors
  8 naga sharpshooters
  4 shock serpents
  10 orc high priests
  Nergalle (D:12)
  Sonja (Lair:4)
  6 hell knights
  2 wretched stars (Abyss:2)
  8 deep elf knights
  A golden dragon zombie (Vaults:4)
  A sixfirhy (Abyss:2)
  17 swamp dragons
  2 shadow wraiths
  3 spriggan druids
  A death drake (Swamp:3)
  7 naga ritualists
  A flayed ghost (Vaults:4)
  12 ironbrand convokers
  5 deep trolls
  A shambling mangrove (Swamp:1)
  An obsidian statue (Snake:1)
  2 glowing orange brains
  5 necromancers
  4 spectral hydras (Swamp:3)
  An unseen horror (D:11)
  7 wizards
  Pikel (D:6)
  A lindwurm (Orc:2)
  6 deep elf archers
  11 mana vipers
  5 harpies (Vaults:2)
  3 phantasmal warriors (Vaults:4)
  7 orc knights
  15 deep elf magi
  5 wolf spiders
  3 manticores
  3 orc sorcerers
  24 ugly things
  2 oklob plants
  8 cyclopes
  40 slime creatures
  9 salamanders
  3 elephants (Lair:4)
  A guardian serpent (shapeshifter) (Abyss:2)
  Joseph (D:10)
  29 black mambas
  2 human skeletons
  9 naga magi
  12 guardian serpents (Snake:4)
  2 smoke demons (Abyss:2)
  8 vault sentinels
  2 torpor snails (Lair:6)
  9 freezing wraiths
  9 spiny frogs
  A rime drake (Lair:6)
  5 swamp worm zombies (Swamp:3)
  An efreet (D:14)
  A komodo dragon (shapeshifter) (Vaults:3)
  6 komodo dragons
  33 yaktaurs
  A yaktaur (shapeshifter) (Vaults:3)
  5 kobold demonologists
  2 guardian mummies (D:15)
  3 tengu conjurers
  A meliai (shapeshifter) (Vaults:4)
  2 polar bears (shapeshifter)
  10 polar bears
  5 trolls
  A hornet (shapeshifter) (Vaults:2)
  A troll (shapeshifter) (Vaults:2)
  7 tyrant leeches
  14 hornets
  2 alligator zombies (Swamp:3)
  27 blink frogs
  2 spectral swamp dragons (Swamp:3)
  7 dream sheep (Lair:6)
  A raiju (Abyss:2)
  3 hippogriffs
  An air elemental (Abyss:2)
  A tarantella (Vaults:4)
  Sigmund (D:6)
  3 small abominations (Abyss:2)
  15 spriggans
  11 bog bodies
  4 shadows
  2 redbacks (Vaults:4)
  18 humans (D:14)
  5 wraiths
  6 basilisks
  4 fire elementals (Orc:2)
  3 tyrant leech zombies (Swamp:3)
  A basilisk (shapeshifter) (Vaults:3)
  46 yaks
  12 vampire mosquitoes
  The ghost of Rhandor the Twirler, an amateur DsGl (D:3)
  A neqoxec (Abyss:2)
  Menkaure (D:6)
  10 wargs
  20 swamp worms
  4 chaos spawn
  8 insubstantial wisps
  40 nagas
  An ogre zombie (Vaults:1)
  5 acid dragons
  16 water moccasins
  4 hell hounds (Orc:2)
  2 elf skeletons (Vaults:1)
  9 porcupines
  6 large abominations
  A deep troll skeleton (Vaults:4)
  5 spiny frog zombies (Swamp:3)
  An ogre skeleton (Vaults:1)
  10 swamp drakes
  An eye of draining (shapeshifter) (Vaults:1)
  2 ice beasts
  3 sky beasts
  3 slaves (D:6)
  A hornet zombie (D:15)
  3 black bears
  An ice beast (shapeshifter) (Vaults:4)
  30 orc warriors
  4 phantoms
  16 ogres
  A human zombie (Vaults:4)
  5 boggarts
  37 wolves
  A wolf (shapeshifter) (Vaults:5)
  13 centaurs
  10 big kobolds
  16 crocodiles
  A wyvern zombie (D:12)
  Blork the orc (D:6)
  19 bullfrogs
  An ogre simulacrum (Vaults:1)
  3 gnoll sergeants
  2 wyvern skeletons
  5 spriggan zombies (Swamp:3)
  6 scorpions
  A troll zombie (Swamp:3)
  9 wights
  15 killer bees
  An orc simulacrum (Vaults:1)
  A howler monkey (D:9)
  2 electric eels (Lair:3)
  2 centaur zombies
  10 crimson imps
  3 bullfrog zombies
  7 hounds
  A quasit (D:11)
  An iron imp (Abyss:2)
  16 jellies
  2 centaur skeletons
  40 orc priests
  2 bullfrog skeletons
  26 orc wizards
  3 iguanas
  13 worker ants
  A killer bee zombie (D:7)
  2 hound skeletons
  A worker ant zombie (D:11)
  17 gnolls
  8 adders
  A howler monkey skeleton (D:11)
  2 shadow imps
  An ooze (Lair:5)
  An adder skeleton (D:8)
  An adder zombie (D:7)
  A worm (D:3)
  2 dart slugs
  9 leopard geckos
  95 orcs
  17 giant cockroaches
  6 goblins
  9 hobgoblins
  10 jackals
  3 quokkas
  A ball python (D:4)
  6 bats
  3 frilled lizards
  47 kobolds
  2 leopard gecko skeletons
  A quokka skeleton (D:8)
  6 rats
  A briar patch (Swamp:3)
  A bush (Lair:6)
  A crawling corpse (Vaults:5)
  A plant (Lair:3)
  3 starspawn tentacles (Abyss:2)
  A withered plant (Swamp:3)
1553 creatures vanquished.

Vanquished Creatures (others)
  A spriggan druid (Swamp:3)
  A guardian serpent (Snake:4)
  2 slime creatures (D:14)
  A naga (Snake:4)
  A swamp drake (Swamp:4)
  An orc wizard (Orc:1)
  A briar patch (Swamp:3)
  2 bushes (Lair:6)
  24 fungi
  19 plants
  2 starspawn tentacles (Abyss:2)
55 creatures vanquished.

Grand Total: 1608 creatures vanquished

Notes
Turn   | Place    | Note
-------+----------+-------------------------------------------
     0 | D:1      | JeffiDaFish the Gargoyle Fighter began the quest for the Orb.
     0 | D:1      | Reached XP level 1. HP: 14/14 MP: 1/1
   142 | D:1      | Reached XP level 2. HP: 16/19 MP: 2/2
   219 | D:1      | Gained mutation: You are partially covered in icy blue scales. (AC +2) [potion of mutation]
   219 | D:1      | Gained mutation: Your flesh is cold resistant. (rC+) [potion of mutation]
   610 | D:2      | Reached XP level 3. HP: 21/24 MP: 3/3
   664 | D:2      | Found a faded altar of an unknown god.
   890 | D:2      | Reached XP level 4. HP: 27/29 MP: 4/4
   988 | D:2      | Found a sparkling altar of Nemelex Xobeh.
  1199 | D:3      | Noticed Rhandor's ghost (amateur DsGl)
  1218 | D:3      | Killed Rhandor's ghost
  1218 | D:3      | Reached skill level 1 in Dodging
  1218 | D:3      | Reached XP level 5. HP: 11/33 MP: 5/5
  1812 | D:3      | Found a glowing silver altar of Zin.
  1814 | D:3      | Found an opulent altar of Gozag.
  1962 | D:4      | Reached XP level 6. HP: 38/38 MP: 6/6
  2261 | D:4      | Found a burning altar of Makhleb.
  2459 | D:4      | Noticed a phantom
  2495 | D:4      | Killed a phantom
  2866 | D:5      | Entered Level 5 of the Dungeon
  2899 | D:5      | Found a shadowy altar of Dithmenos.
  2923 | D:5      | Reached XP level 7. HP: 44/44 MP: 7/7
  2939 | D:5      | Reached skill level 5 in Maces & Flails
  3316 | D:5      | Reached skill level 5 in Armour
  3489 | D:5      | Reached skill level 5 in Shields
  3535 | D:5      | Reached XP level 8. HP: 42/48 MP: 8/8
  4021 | D:5      | Reached skill level 5 in Fighting
  4330 | D:6      | Noticed Menkaure
  4335 | D:6      | Killed Menkaure
  4335 | D:6      | Reached XP level 9. HP: 48/54 MP: 9/9
  4376 | D:6      | Found a staircase to the Ecumenical Temple.
  4377 | D:6      | Noticed Pikel
  4381 | D:6      | Noticed Sigmund
  5048 | D:6      | Killed Sigmund
  5084 | D:6      | Killed Pikel
  5095 | Temple   | Entered the Ecumenical Temple
  5423 | D:6      | Noticed Blork the orc
  5438 | D:6      | Killed Blork the orc
  5588 | D:6      | Found an iron altar of Okawaru.
  5589 | D:6      | Found a bloodstained altar of Trog.
  5604 | D:6      | Became a worshipper of Warmaster Okawaru
  6056 | D:7      | Reached skill level 1 in Stealth
  6090 | D:7      | Found a deep blue altar of Sif Muna.
  6091 | D:7      | Found a glowing golden altar of the Shining One.
  6122 | D:7      | Reached XP level 10. HP: 55/60 MP: 10/10
  6226 | D:7      | Found an ornate altar of the Wu Jian Council.
  6249 | D:7      | Reached * piety under Okawaru
  7549 | D:8      | Reached ** piety under Okawaru
  7549 | D:8      | Reached skill level 10 in Maces & Flails
  8319 | D:9      | Found a hide-covered altar of Uskayaw.
  8319 | D:9      | Found an ancient bone altar of Kikubaaqudgha.
  8324 | D:9      | Learned a level 3 spell: Mephitic Cloud
  8324 | D:9      | Found a shattered altar of Ashenzari.
  8478 | D:9      | Reached *** piety under Okawaru
  8504 | D:9      | Reached XP level 11. HP: 49/67 MP: 11/11
  9087 | D:9      | Reached **** piety under Okawaru
  9244 | D:10     | Entered Level 10 of the Dungeon
  9371 | D:10     | Noticed Joseph
  9395 | D:10     | Killed Joseph
  9395 | D:10     | Reached skill level 10 in Shields
  9690 | D:10     | Found an opulent altar of Gozag.
  9797 | D:10     | Found an ancient bone altar of Kikubaaqudgha.
 10135 | D:11     | Reached ***** piety under Okawaru
 10199 | D:11     | Found a shimmering altar of Xom.
 10466 | D:11     | Killed an unseen horror
 10771 | D:11     | Found a staircase to the Lair.
 10975 | Lair:1   | Entered Level 1 of the Lair of Beasts
 11709 | Lair:1   | Noticed a five-headed hydra
 11721 | Lair:1   | Killed a five-headed hydra
 12054 | Lair:2   | Found a stormy altar of Qazlal.
 12067 | Lair:2   | Noticed an oklob plant
 12107 | Lair:2   | Reached XP level 12. HP: 71/75 MP: 12/12
 12342 | Lair:2   | Received a gift from Okawaru
 13084 | Lair:2   | Found a staircase to the Swamp.
 13436 | Lair:3   | Found a labyrinth entrance.
 13511 | Lab      | Entered a labyrinth
 15244 | Lab      | Noticed a minotaur
 15268 | Lab      | Killed a minotaur
 15268 | Lab      | Reached skill level 10 in Armour
 15284 | Lab      | Identified the Tome of Unstable Hexes
 15285 | Lab      | Got a twitching platinum amulet
 15286 | Lab      | Identified the amulet of Eczydwif {Gourm rElec rPois MR-} (You found it in a labyrinth)
 15543 | Lair:3   | Found a staircase to the Snake Pit.
 15747 | Lair:3   | Identified the +2 chain mail "Emootewoss" {rPois rC+ Slay-4} (You found it on level 3 of the Lair of Beasts)
 16159 | Lair:4   | Reached skill level 1 in Poison Magic
 16436 | Lair:4   | Noticed Snorg
 16466 | Lair:4   | Killed Snorg
 16466 | Lair:4   | Reached skill level 1 in Conjurations
 16530 | Lair:4   | Reached skill level 1 in Spellcasting
 16551 | Lair:4   | Reached skill level 1 in Air Magic
 16987 | Lair:4   | Noticed Sonja
 16992 | Lair:4   | Killed Sonja
 17240 | Lair:4   | Reached XP level 13. HP: 81/81 MP: 15/15
 17492 | Lair:4   | Reached ****** piety under Okawaru
 17629 | Lair:5   | Received a gift from Okawaru
 17672 | Lair:5   | Got an ichor-stained hand crossbow {god gift}
 17703 | Lair:5   | Found a staircase to the Slime Pits.
 18238 | Lair:5   | Reached skill level 10 in Fighting
 18663 | Lair:6   | Entered Level 6 of the Lair of Beasts
 18703 | Lair:6   | Noticed Handsy's ghost (journeyman MiBe)
 20010 | Lair:6   | Killed Handsy's ghost
 20010 | Lair:6   | Received a gift from Okawaru
 20541 | Lair:6   | Received a gift from Okawaru
 21124 | Lair:6   | Gained mutation: Your large and strong wings let you fly indefinitely. [Gargoyle growth]
 21124 | Lair:6   | Reached XP level 14. HP: 88/88 MP: 18/18
 21368 | Lair:6   | Received a gift from Okawaru
 22661 | D:12     | Found a staircase to the Orcish Mines.
 23347 | D:13     | Identified a scroll of acquirement
 23513 | D:13     | Found a stormy altar of Qazlal.
 24181 | D:14     | Received a gift from Okawaru
 24270 | D:14     | Paralysed by a wizard for 2 turns
 24282 | D:14     | Reached skill level 5 in Conjurations
 24438 | D:14     | Found a gate to the Vaults.
 24490 | D:15     | Entered Level 15 of the Dungeon
 24519 | D:14     | HP: 3/91 [slime creature (5)]
 24519 | D:14     | HP: 1/91 [very large slime creature (2)]
 24542 | D:14     | HP: 3/91 [slime creature (3)]
 25028 | D:14     | Received a gift from Okawaru
 25060 | D:14     | Reached XP level 15. HP: 82/96 MP: 21/21
 25611 | D:15     | Received a gift from Okawaru
 25611 | D:15     | Reached skill level 5 in Poison Magic
 26524 | D:15     | Found a staircase to the Depths.
 26760 | D:15     | Found a portal to a secret trove of treasure.
 26944 | Orc:1    | Entered Level 1 of the Orcish Mines
 26944 | Orc:1    | Noticed Nergalle
 27287 | Orc:1    | Received a gift from Okawaru
 27307 | D:12     | Killed Nergalle
 27430 | Orc:1    | Noticed Erica
 27435 | Orc:1    | Noticed Erolcha
 27456 | Orc:1    | Killed Erica
 27474 | Orc:1    | Killed Erolcha
 27692 | Orc:1    | Found Asoad's Magic Scroll Shoppe.
 27766 | Orc:2    | Entered Level 2 of the Orcish Mines
 27805 | Orc:2    | Found a staircase to the Elven Halls.
 27926 | Orc:2    | Noticed Azrael
 27971 | Orc:2    | Killed Azrael
 28678 | Orc:2    | Reached skill level 5 in Spellcasting
 29097 | Orc:2    | Found Osey's Food Emporium.
 29097 | Orc:2    | Found Buoteb's Armour Boutique.
 29205 | Orc:2    | Found a roughly hewn altar of Beogh.
 29330 | Orc:2    | Found Fucvod's Food Emporium.
 29330 | Orc:2    | Found Ohasiok's Food Boutique.
 29692 | Orc:2    | Found a roughly hewn altar of Beogh.
 29802 | Orc:2    | Reached XP level 16. HP: 94/103 MP: 23/23
 30012 | Swamp:1  | Entered Level 1 of the Swamp
 30314 | Swamp:1  | Identified the +4 spear of Agony {antimagic, rF+ Stlth+} (You found it on level 1 of the Swamp)
 30747 | Swamp:2  | Received a gift from Okawaru
 31023 | Swamp:2  | Reached skill level 5 in Air Magic
 31362 | Swamp:3  | Noticed a thorn hunter
 31375 | Swamp:3  | Killed a thorn hunter
 31593 | Swamp:3  | Noticed a thorn hunter
 31613 | Swamp:3  | Killed a thorn hunter
 31613 | Swamp:3  | Received a gift from Okawaru
 32445 | Swamp:3  | Reached skill level 15 in Shields
 32474 | Swamp:3  | Received a gift from Okawaru
 32742 | Swamp:4  | Entered Level 4 of the Swamp
 32819 | Swamp:4  | Noticed a thorn hunter
 32830 | Swamp:4  | Killed a thorn hunter
 33195 | Swamp:4  | Reached XP level 17. HP: 97/109 MP: 26/26
 33456 | Swamp:4  | Noticed the 27-headed Lernaean hydra
 33480 | Swamp:4  | HP: 4/109 [the 27-headed Lernaean hydra (6)]
 33485 | Swamp:4  | Killed the 27-headed Lernaean hydra
 34239 | Swamp:4  | Got a decaying rune of Zot
 34434 | Swamp:1  | Received a gift from Okawaru
 34437 | Swamp:1  | Got a spiked crystal plate armour {god gift}
 34448 | Swamp:1  | Identified the +8 crystal plate armour "Myzin" {+Blink rCorr Str+4} (Okawaru gifted it to you on level 1 of the Swamp)
 34554 | Snake:1  | Entered Level 1 of the Snake Pit
 34654 | Snake:1  | Found Guresk's Food Shop.
 34715 | Snake:1  | Reached skill level 15 in Maces & Flails
 35543 | Snake:2  | Noticed Jorgrun
 35561 | Snake:2  | Killed Jorgrun
 35641 | Snake:2  | Found Diryp's Book Emporium.
 36846 | Snake:4  | Entered Level 4 of the Snake Pit
 36890 | Snake:4  | Reached XP level 18. HP: 116/116 MP: 28/28
 37664 | Snake:4  | Received a gift from Okawaru
 37671 | Snake:4  | Identified the +8 plate armour of Wutam {+Fly rPois MP+9 Int-5} (Okawaru gifted it to you on level 4 of the Snake Pit)
 38239 | Snake:4  | Reached skill level 15 in Armour
 38802 | Snake:4  | HP: 4/117 [guardian serpent (9)]
 39483 | Snake:4  | Received a gift from Okawaru
 39580 | Snake:4  | Got a serpentine rune of Zot
 39847 | Vaults:1 | Entered Level 1 of the Vaults
 40212 | Vaults:1 | Reached XP level 19. HP: 94/123 MP: 30/30
 41300 | Vaults:1 | Reached skill level 15 in Fighting
 41482 | Vaults:1 | Received a gift from Okawaru
 41627 | Vaults:1 | Reached skill level 5 in Dodging
 42757 | Vaults:2 | Cast into level 2 of the Abyss (a deep elf sorcerer)
 43073 | Vaults:2 | Escaped the Abyss
 43321 | Vaults:2 | Received a gift from Okawaru
 43606 | Vaults:2 | Noticed Margery
 43627 | Vaults:2 | Killed Margery
 43857 | Vaults:2 | Reached XP level 20. HP: 130/130 MP: 31/31
 44535 | Vaults:2 | Found a radiant altar of Vehumet.
 44790 | Vaults:3 | Found Ibusioqi's Distillery.
 44804 | Vaults:3 | Bought a potion of heal wounds for 100 gold pieces
 44804 | Vaults:3 | Bought a potion of heal wounds for 100 gold pieces
 44804 | Vaults:3 | Bought a potion of heal wounds for 100 gold pieces
 44804 | Vaults:3 | Bought a potion of might for 80 gold pieces
 44821 | Vaults:3 | Found Umemob's Gadget Emporium.
 44832 | Vaults:3 | Found Ysidee's Distillery.
 44925 | Vaults:3 | Received a gift from Okawaru
 45645 | Vaults:3 | Found Acopiffyco's Book Shop.
 45955 | Vaults:3 | Bought the Collected Works on Flying Dark Magic for 1296 gold pieces
 45961 | Vaults:3 | Learned a level 5 spell: Lightning Bolt
 46001 | Vaults:3 | Found a staircase to the Crypt.
 46453 | Vaults:3 | Reached skill level 10 in Conjurations
 47114 | Vaults:4 | Received a gift from Okawaru
 47127 | Vaults:4 | Identified the +7 mace of Exeiw {freeze, rF++ rN+ MR+ Stlth-} (Okawaru gifted it to you on level 4 of the Vaults)
 47554 | Vaults:4 | Reached XP level 21. HP: 99/136 MP: 33/33
 47777 | Vaults:4 | Identified the +9 mace of Classification {venom, *Rage rF+ Str+3} (You found it on level 4 of the Vaults)
 48206 | Vaults:4 | Received a gift from Okawaru
 48898 | Vaults:5 | Entered Level 5 of the Vaults
 49756 | Vaults:5 | HP: 5/137 [tentacled monstrosity (7)]
 49756 | Vaults:5 | HP: 1/137 [tentacled monstrosity (4)]
 49849 | Vaults:5 | HP: 4/137 [frost giant/bolt of cold (8)]
 49849 | Vaults:5 | Killed from afar by a frost giant

Vault maps used:
D:1:      shiori_shiawase, minmay_pentomino_w2
D:2:      chequers_ecumenical_altar_simple_redux, serial_bayou_pond_e,
          nemelex_spade_bored_becter
D:3:      grunt_temple_overflow_gold_and_silver, first_bread
D:4:      lemuel_coloured_pillars_altar, minmay_misc_feat_plants
D:5:      minmay_goblin_kobold_castle, gup_sewer_entry_pipe,
          grunt_dithmenos_smoke
D:6:      grunt_temple_overflow_bloody_war, minmay_temple_entry_nine_rooms,
          uniq_sigmund, uniq_menkaure, uniq_blork_the_orc, uniq_pikel
D:7:      nicolae_overflow_hidden_temple
D:8:      hangedman_pestilent_swarm
D:9:      gammafunk_temple_overflow_claw
D:10:     basic_altar, nicolae_gozag_seed_capital, uniq_joseph
D:11:     lair_entry_dummy, st_stairs_11, minmay_guarded_unrand_variability
D:12:     orc_0_dummy
D:13:     basic_altar
D:14:     grunt_vaults_entry_tiered
D:15:     grunt_enter_depths_magical_seal, nicolae_trove_entry_path_of_doom,
          moated_statue, moated_statue, grunt_ministairs_7
Temple:   jpeg_temple_island
Lair:2:   swamp_mist_pool, basic_altar, grunt_megastairs_4,
          minmay_lair_oklob_chamber
Lair:3:   minmay_snake_entry_guardpost_small, lab_entry_generic,
          minmay_lair_oklob_items, lemuel_fruit_fields, serial_bayou_shore_a,
          infiniplex_staircase_pool_2
Lair:4:   cheibrodos_lair_lostbears, lemuel_fruit_fields, uniq_snorg, uniq_sonja
Lair:5:   minmay_slime_entry_jelly_boxes
Lair:6:   minmay_lair_end_enchanted_forest, minmay_lair_oklob_bushes,
          lemuel_fruit_tree, grunt_megastairs_5
Swamp:1:  evilmike_swamp_ruin_house_2, ldierk_geyser, swamp_pool5
Swamp:2:  evilmike_swamp_ruin_house_3
Swamp:3:  cheibrodos_swamp_mausoleum, hangedman_swamp_pad
Swamp:4:  swamp_old_school
Snake:1:  dpeg_stationary_puzzle, minmay_shop_star, grunt_megastairs_1
Snake:2:  serial_shops, nicolae_shop_competitors_out_of_business, uniq_jorgrun
Snake:4:  grunt_snake_rune_serpentine_throne
Orc:1:    serial_shops, nicolae_shop_trees, uniq_josephine, uniq_erica,
          uniq_erolcha, uniq_nergalle
Orc:2:    st_orc_town, nicolae_volcano_entry_vermiform, basic_altar,
          sword_in_stone, uniq_azrael
Vaults:1: vaults_room_grid, vaults_room_hallway, v_misc_24,
          hangedman_vaults_slice, ontoclasm_vaults_fault,
          nicolae_vaults_network_quinsquares,
          vaults_standard_mumra_enter_the_diamond, vaults_mumra_minichess,
          v_misc_3
Vaults:2: hangedman_vaults_impose, ontoclasm_vaults_tryst, v_misc_16,
          grunt_tower_of_power, nicolae_vaults_circle_grid_b,
          dpeg_vaults_monster_box, v_rooms_1, nicolae_vaults_big_ls,
          grunt_vaults_focal, v_misc_25, nicolae_vaults_little_squares_3,
          nicolae_vaults_three_branches, hangedman_vaults_nails,
          nicolae_vaults_asterisk, uniq_margery
Vaults:3: blue_anna_dwarven_crypt, ontoclasm_vaults_bender, vaults_room_octagon,
          hangedman_vaults_restitches, ontoclasm_vaults_twist, serial_shops,
          shop, nicolae_shop_waterfront, shop, shop_statue
Vaults:4: nicolae_vaults_network_s, ontoclasm_vaults_chip, vaults_room_octagon,
          vaults_dpeg_diagonal, grunt_vaults_funneled_arena,
          vaults_mumra_chevron, vaults_standard_mumra_enter_the_diamond,
          nicolae_vaults_little_squares_1, v_misc_15, hangedman_vaults_cutoff,
          hangedman_vaults_cutoff, v_misc_25
Lab:      labyrinth_mini_lab

Skill      XL: |  1  2  3  4  5  6  7  8  9 10 11 12 13 14 15 16 17 18 19 20 21 |
---------------+----------------------------------------------------------------+-----
Maces & Flails | 3 4 6 7 9 10 11 12 13 14 15 16 17 | 17.2
Fighting       | 4 5 6 7 8 9 10 11 12 13 14 15 16 | 16.5
Armour         | 4 5 6 8 9 10 11 12 13 14 15 16 17 | 17.1
Dodging        | 1 2 3 4 5 6 |  6.8
Shields        | 4 5 6 7 9 11 12 13 14 15 16 17 | 17.9
Stealth        | 1 |  1.4
Poison Magic   | 1 3 4 5 6 7 8 9 |  9.9
Conjurations   | 1 4 5 6 7 8 9 10 | 10.5
Spellcasting   | 1 3 4 5 6 7 8 9 |  9.2
Air Magic      | 1 2 4 5 6 7 8 |  8.0

Action                   |  1- 3 |  4- 6 |  7- 9 | 10-12 | 13-15 | 16-18 | 19-21 || total
-------------------------+-------+-------+-------+-------+-------+-------+-------++-------
Melee: Flail             |   111 |   159 |   519 |       |       |       |       ||   789
       Whip              |       |       |   101 |  1770 |  1144 |       |       ||  3015
       Eveningstar       |       |       |       |       |  1701 |   345 |       ||  2046
       Demon whip        |       |       |       |       |       |  1754 |  1994 ||  3748
 Cast: Mephitic Cloud    |       |       |       |       |       |       |    30 ||    30
Invok: Heroism           |       |       |       |       |     2 |       |       ||     2
 Abil: Fly               |       |       |       |       |     1 |       |       ||     1
  Use: Potion            |     4 |     5 |     3 |     8 |    11 |     5 |     6 ||    42
       Scroll            |     7 |     4 |     7 |    16 |    17 |    12 |     9 ||    72
 Stab: Invisible         |       |       |       |    13 |       |       |       ||    13
       Confused          |       |       |       |       |       |       |    24 ||    24
  Eat: Chunk             |       |     7 |    12 |    36 |    44 |    36 |    34 ||   169
       Royal jelly       |       |       |       |     4 |       |       |       ||     4
Armor: Scale mail        |    72 |    66 |   363 |       |       |       |       ||   501
       Chain mail        |       |       |     8 |    51 |       |       |       ||    59
       Plate armour      |       |       |       |   727 |  1338 |   552 |       ||  2617
       Crystal plate arm |       |       |       |       |       |   477 |   689 ||  1166
Dodge: Dodged            |    45 |    45 |   249 |   325 |   829 |   541 |   401 ||  2435
Block: Shield            |    71 |    86 |   362 |   885 |  2552 |  1657 |  1286 ||  6899
